Map: Pylon LE

Players

ManlyManMeat

  • Race: Zerg Zerg
  • League: Diamond
  • Spawn Location: 11:00

Legendk - Winner!

  • Race: Terran Terran
  • League: Diamond
  • Spawn Location: 5:00

VOD

Have the link to the VOD?

Description

Time

  • Played on: July 12, 2025, 7:56 a.m.
  • Length: 17:52
Show
View Real Time Build Order
Export as new Build Order

ManlyManMeat Zerg 

Build Orders: Hatch First 

Get SALT Encoding   

  12  0:00  Drone  
  13  0:07  Drone  
  13  0:13  Extractor  
  13  0:14  Drone  
  15  0:21  Overlord  
  15  0:40  Drone  
  16  0:46  Hatchery  
  16  0:49  Drone  
  16  0:54  Drone  
  16  0:56  Drone  
  18  1:08  Extractor  
  17  1:13  Spawning Pool  
  17  1:17  Drone  
  17  1:18  Drone  
  18  1:27  Drone  
  19  1:36  Drone  
  20  2:00  Queen x2  
  24  2:01  Zergling x4  
  24  2:03  Overlord  
  26  2:08  Drone  
  26  2:10  Drone  
  28  2:17  Metabolic Boost  
  28  2:23  Drone x2  
  30  2:37  Drone x2  
  30  2:42  Spore Crawler  
  31  2:50  Queen  
  33  2:54  Hatchery  
  33  2:58  Drone  
  33  3:00  Overlord  
  33  3:05  Drone  
  33  3:06  Drone  
  33  3:08  Overlord  
  36  3:12  Drone  
  36  3:23  Drone x5  
  36  3:24  Drone  
  42  3:36  Zergling x6  
  43  3:43  Queen  
  43  3:44  Drone x2  
  47  3:55  Drone x3, Extractor  
  50  4:00  Overlord x2  
  49  4:05  Queen  
  49  4:12  Zergling x6  
  52  4:20  Lair  
  52  4:30  Drone x4  
  52  4:31  Drone x2  
  58  4:43  Extractor  
  58  4:44  Drone x3  
  58  4:45  Baneling Nest, Drone  
  60  4:46  Evolution Chamber  
  60  4:50  Queen  
  60  4:51  Queen  
  63  5:08  Drone  
  63  5:09  Drone x4  
  63  5:10  Overlord x4  
  68  5:16  Zerg Melee Weapons Level 1  
  67  5:33  Queen x2  
  71  5:35  Centrifugal Hooks  
  71  5:39  Evolution Chamber  
  71  5:40  Zergling x14  
  77  5:46  Spore Crawler  
  77  5:49  Overseer  
  76  5:53  Hatchery  
  76  5:54  Drone x5  
  76  5:55  Drone, Spire  
  77  6:05  Roach Warren  
  77  6:07  Queen, Spore Crawler  
  66  6:43  Baneling x2  
  66  6:44  Baneling x10  
  60  6:47  Roach  
  41  6:58  Drone x13  
  41  7:00  Drone  
  41  7:01  Drone x4  
  47  7:02  Drone x2  
  47  7:03  Roach  
  48  7:12  Zergling x6  
  48  7:21  Drone  
  49  7:36  Drone x4  
  53  8:01  Drone x7  
  60  8:13  Overseer  
  60  8:29  Corruptor x2, Roach x2  
  68  8:42  Infestation Pit, Zerg Missile Weapons Level 1  
  68  8:44  Drone x6  
  73  9:02  Glial Reconstitution  
  73  9:04  Drone x4  
  77  9:10  Drone x3, Extractor  
  77  9:12  Drone x2  
  77  9:13  Drone x5  
  86  9:29  Infestor  
  88  9:32  Zergling x8  
  88  9:33  Zergling x2, Overlord x2  
  88  9:34  Overlord  
  93  9:45  Overlord x2  
  93  10:02  Drone x5  
  93  10:03  Overlord x3  
  93  10:04  Infestor x2  
  93  10:06  Corruptor  
  104  10:23  Roach x7  
  118  10:39  Roach x7  
  132  10:53  Drone x3  
  132  10:54  Drone, Zergling x30  
  151  11:00  Overlord x2  
  151  11:32  Corruptor  
  151  11:33  Corruptor x4  
  151  11:35  Roach x3  
  151  11:36  Overlord x6  
  167  11:51  Roach  
  166  12:14  Zerg Missile Weapons Level 2  
  166  12:15  Hatchery, Zerg Ground Armor Level 1  
  164  12:17  Zerg Flyer Armor Level 1  
  164  12:20  Zergling x16  
  172  12:28  Hatchery  
  171  12:33  Hatchery  
  134  12:53  Roach x4  
  134  12:54  Infestor x2, Roach  
  134  12:55  Zergling x34  
  162  13:08  Extractor  
  162  13:09  Extractor  
  162  13:11  Hive  
  160  13:23  Corruptor  
  143  13:56  Zergling x12  
  143  13:57  Zergling x2  
  150  14:11  Zerg Flyer Weapons Level 1  
  150  14:19  Corruptor x5  
  150  14:20  Corruptor  
  150  14:22  Zergling x4  
  150  14:23  Zergling x38  
  183  14:47  Extractor  
  183  14:48  Extractor  
  180  14:53  Corruptor x4  
  180  15:08  Drone x3  
  183  15:16  Roach x2  
  183  15:17  Roach x2  
  187  15:34  Swarm Host x4  
  185  15:54  Adrenal Glands  
  185  16:10  Drone x3  
  188  16:11  Extractor  
  188  16:12  Drone  
  188  16:13  Drone x2  
  170  16:30  Roach x12  
  170  16:31  Roach x14  
  170  16:32  Extractor  
  184  16:40  Roach x8  
  102  17:08  Zergling x2  
  102  17:09  Zergling x54  
  102  17:10  Zergling x28  
Show
View Real Time Build Order
Export as new Build Order

Legendk Terran - Winner!

Build Orders: Gas First Reaper Expand, Hellion Opening 

Get SALT Encoding   

  12  0:02  SCV  
  13  0:15  SCV  
  13  0:18  Supply Depot  
  14  0:27  SCV  
  15  0:29  Refinery  
  15  0:40  Barracks  
  15  0:45  SCV  
  17  0:57  SCV  
  17  1:09  SCV  
  18  1:21  SCV  
  19  1:27  Reaper  
  20  1:36  Orbital Command  
  20  1:47  Command Center  
  20  1:59  Factory  
  20  2:06  Barracks Reactor  
  20  2:14  SCV  
  21  2:19  Supply Depot  
  21  2:26  SCV  
  22  2:38  SCV  
  23  2:50  SCV  
  23  2:58  Hellion x2  
  27  2:59  Orbital Command  
  27  3:02  SCV  
  28  3:09  Starport  
  28  3:19  Hellion, Supply Depot  
  32  3:20  Hellion  
  32  3:26  Barracks Tech Lab  
  32  3:27  Refinery  
  32  3:41  Hellion x2  
  36  3:42  Supply Depot  
  36  3:53  Fusion Core  
  36  4:02  Hellion x2, Supply Depot  
  40  4:22  SCV  
  40  4:23  SCV  
  40  4:24  Hellion x2  
  44  4:35  SCV x2  
  46  4:43  Command Center  
  46  4:47  SCV  
  46  4:50  Battlecruiser  
  53  5:01  Supply Depot  
  53  5:06  Hellion  
  53  5:07  Hellion, SCV  
  57  5:09  SCV  
  59  5:19  SCV  
  60  5:21  SCV  
  60  5:25  Factory  
  61  5:28  Refinery  
  61  5:29  Refinery  
  61  5:31  SCV  
  62  5:37  Hellion x2  
  62  5:38  SCV  
  67  5:43  SCV  
  68  5:50  SCV  
  68  5:55  Orbital Command, Engineering Bay  
  69  6:00  SCV  
  69  6:02  SCV  
  71  6:12  SCV  
  71  6:14  SCV  
  73  6:24  SCV  
  76  6:25  Hellion, Factory Tech Lab  
  74  6:53  Cyclone  
  81  6:54  Hellion x2  
  59  7:14  Supply Depot  
  45  7:16  Supply Depot  
  45  7:21  SCV x2  
  45  7:22  SCV  
  48  7:28  Missile Turret  
  48  7:31  Missile Turret x2  
  48  7:33  Missile Turret x2, Factory  
  48  7:37  Factory  
  48  7:38  Factory  
  50  7:51  Hellion x2  
  50  7:53  Cyclone  
  50  7:57  SCV x2  
  50  7:58  SCV  
  58  8:09  SCV x2  
  58  8:11  Sensor Tower  
  60  8:16  Mag-Field Accelerator  
  60  8:19  Factory Tech Lab  
  60  8:20  Sensor Tower, Factory Tech Lab  
  60  8:21  Factory Tech Lab  
  60  8:23  SCV  
  60  8:24  SCV x2  
  63  8:30  Cyclone  
  66  8:35  SCV  
  66  8:39  Missile Turret  
  67  8:42  Cyclone  
  67  8:43  Cyclone  
  73  8:51  Orbital Command  
  73  8:59  SCV  
  73  9:00  SCV  
  73  9:02  Hellion x2, Cyclone  
  82  9:04  Raven  
  84  9:11  Supply Depot  
  84  9:12  SCV x2  
  86  9:19  Supply Depot  
  86  9:23  Supply Depot  
  86  9:29  Missile Turret, Sensor Tower  
  86  9:48  Cyclone  
  86  9:49  Cyclone, Hellion x2  
  86  9:50  Infernal Pre-Igniter  
  96  9:56  Armory  
  96  9:57  SCV x2, Armory  
  96  9:58  SCV  
  96  9:59  Supply Depot  
  99  10:00  Supply Depot  
  99  10:01  Armory  
  99  10:09  SCV  
  99  10:10  SCV  
  99  10:11  SCV  
  99  10:12  Command Center  
  102  10:17  Cyclone  
  105  10:21  SCV  
  105  10:22  SCV  
  107  10:29  Cyclone, Hellion  
  107  10:30  Hellion, Siege Tank  
  117  10:46  Terran Vehicle Weapons Level 1, Terran Vehicle And Ship Armor Level 1  
  117  10:47  Factory  
  117  10:49  Factory x2  
  117  10:51  Factory  
  117  10:52  SCV x2  
  117  10:53  Starport x2, Factory  
  117  10:54  Refinery x2  
  119  11:02  Supply Depot  
  119  11:05  Supply Depot  
  119  11:06  Siege Tank  
  119  11:07  Supply Depot  
  119  11:08  Hellion x2  
  126  11:12  Smart Servos  
  126  11:28  Orbital Command  
  126  11:32  Starport Reactor x2  
  126  11:37  Factory Reactor x2  
  126  11:39  Factory Tech Lab x2  
  126  11:40  Factory Reactor  
  126  11:42  Hellion x3, Siege Tank  
  126  11:44  Hellion x2  
  139  12:03  Sensor Tower  
  139  12:05  Missile Turret  
  139  12:11  Orbital Command  
  139  12:17  SCV x3  
  139  12:21  Hellion x3, Siege Tank x2  
  139  12:22  Thor, Hellion  
  162  12:23  Missile Turret  
  162  12:29  SCV x2  
  164  12:30  Refinery  
  160  12:48  Hellion x4, Siege Tank x3  
  150  12:56  SCV x2  
  148  13:08  Cyclone x2, Supply Depot, Hellion x2  
  148  13:10  Supply Depot x3, SCV  
  159  13:17  Terran Ship Weapons Level 1  
  159  13:22  Terran Vehicle Weapons Level 2  
  159  13:23  Terran Vehicle And Ship Armor Level 2  
  159  13:25  SCV x3  
  162  13:39  Viking x3  
  168  13:44  Refinery  
  165  13:50  SCV  
  165  13:53  SCV  
  165  13:54  SCV x2  
  158  14:02  SCV  
  159  14:04  Hellion x2, Siege Tank x3  
  159  14:05  Hellion x2, SCV  
  159  14:06  SCV x2  
  179  14:14  SCV  
  180  14:18  SCV x2  
  182  14:24  Supply Depot  
  182  14:25  Supply Depot  
  182  14:27  Supply Depot  
  182  14:30  Supply Depot  
  182  14:34  SCV x2  
  182  14:35  Command Center, SCV  
  185  14:41  Raven  
  185  14:43  Cyclone  
  185  14:44  Hellion x2, Cyclone  
  197  15:05  Cyclone, Hellion  
  199  15:27  Supply Depot  
  199  15:48  Orbital Command  
  199  15:49  Command Center  
  199  15:52  Supply Depot  
  199  15:58  Command Center  
  199  15:59  Command Center  
  199  16:05  Hi-Sec Auto Tracking  
  178  16:27  Cyclone x2, Hellion  
  178  16:28  Hellion  
  177  16:34  Cyclone x4, Hellion x3  
  195  16:46  Viking  
  194  16:48  Viking x2, Raven  
  179  17:07  Thor x2  
  179  17:08  Thor, Hellion x3  
  182  17:27  Hellion x2  
  192  17:41  Missile Turret  
Tags
 
Add a new tag
Caveats
  • Supply blocks, unpowered buildings, or Contaminate may cause inaccurate times.
  • Supply counts are checked every 10 seconds.